 Dungeon Crawl Stone Soup version 0.17.0-28-g6e173f8 (webtiles) character file.

67 baaltosaur the Skirmisher (level 3, 0/29 HPs)
             Began as a Demonspawn Abyssal Knight on Nov 28, 2015.
             Was a Believer of Lugonu.
             Slain by an adder (2 damage)
             ... on level 2 of the Dungeon.
             The game lasted 00:08:07 (1643 turns).

baaltosaur the Skirmisher (DsAK)                    Turns: 1643, Time: 00:08:07

Health: 0/29       AC:  3    Str: 13    XL:     3   Next: 98%
Magic:  5/5        EV: 11    Int: 13    God:    Lugonu [**....]
Gold:   130        SH:  0    Dex: 12    Spells: 0 memorised, 2 levels left

rFire  . . .     SeeInvis .     a - +1 hand axe
rCold  . . .     Clarity  .     b - +0 leather armour
rNeg   . . .     SustAt   .     (no shield)
rPois  .         Gourm    .     (no helmet)
rElec  .         Spirit   .     (no cloak)
rCorr  .         Warding  .     (no gloves)
rMut   .         Stasis   +     (no boots)
MR     .....                    d - amulet of stasis
Stlth  +.........               (no ring)
                                (no ring)

@: lethally poisoned (0 -> -7), not resistant to hostile enchantments, very
unstealthy
A: talons 1, powered by death 1
a: Depart the Abyss, Bend Space, Renounce Religion


You were on level 2 of the Dungeon.
You worshipped Lugonu.
Lugonu was pleased with you.
You were hungry.

You visited 1 branch of the dungeon, and saw 2 of its levels.
You visited the Abyss 1 time.

You collected 130 gold pieces.

Inventory:

Hand Weapons
 a - a +1 hand axe (weapon)
 m - a cursed -1 trident
Armour
 b - a +0 leather armour (worn)
Jewellery
 d - an amulet of stasis (around neck)
Scrolls
 i - a scroll of noise {unknown}
 j - 4 scrolls of identify {unknown}
 k - a scroll of remove curse {unknown}
Potions
 e - a potion of ambrosia {unknown}
 f - a potion of curing
 g - a potion of degeneration {unknown}
 l - 2 potions of cure mutation {unknown}
Comestibles
 c - a bread ration
 h - 2 fruits


   Skills:
 + Level 3.6 Fighting
 * Level 2.3 Axes
 * Level 2.2 Armour
 + Level 1.6 Dodging
 + Level 3.0 Invocations


You had 2 spell levels left.
You didn't know any spells.

Dungeon Overview and Level Annotations

Branches:
Dungeon (2/15)

Altars:
Ru
Vehumet
Xom
Yredelemnul


Innate Abilities, Weirdness & Mutations

You have sharp toenails.
You regenerate a little health from kills.


Message History

The adder bites you but does no damage.
You hit the adder. Your kick misses the adder.
The adder is lightly wounded.
You feel sick. The adder bites you.
* * * LOW HITPOINT WARNING * * *
You hit the adder. Your kick misses the adder.
The adder is moderately wounded.
The adder bites you.
* * * LOW HITPOINT WARNING * * *
You are more poisoned.
The adder poisons you! The adder barely misses you.
You completely miss the adder. You claw the adder, but do no damage.
The adder is lightly wounded.
* * * LOW HITPOINT WARNING * * *
You feel sick. The adder closely misses you.
You barely miss the adder.
The adder is lightly wounded.
* * * LOW HITPOINT WARNING * * *
You feel sick. The adder bites you but does no damage. The adder bites you.
You die...

#..................###
#.......###.###.....[#
####.......##....###....##
#...........#.....(###...#
..#..................###.#
###.........##.....###...#
#.........##...###.....#
#.........##.###...###.#
###.........##.S@..###...#
..#.........##...###.....#
...............###.......#
...)..#..........###.....#
...................###...#
....%................###.#
.....รท<..................#
....................######
.....(..>..........##


You could see an adder.

Vanquished Creatures
  An orc wizard (D:2)
  A worm (D:2)
  A ball python (D:1)
  4 bats
  4 giant cockroaches
  7 hobgoblins
  A jackal (D:2)
  7 kobolds
  A giant gecko (D:2)
  3 giant newts
  3 goblins
  2 rats (D:2)
35 creatures vanquished.

Notes
Turn   | Place    | Note
--------------------------------------------------------------
     0 | Abyss:1  | baaltosaur the Demonspawn Abyssal Knight began the quest for the Orb.
     0 | Abyss:1  | Reached XP level 1. HP: 18/18 MP: 2/2
    82 | Abyss:1  | Noticed an ice beast
   114 | D:1      | Escaped the Abyss
   392 | D:1      | Reached * piety under Lugonu
   637 | D:1      | Gained mutation: You have sharp toenails. [demonic ancestry]
   637 | D:1      | Reached XP level 2. HP: 21/24 MP: 3/3
   689 | D:1      | Reached skill level 1 in Dodging
  1069 | D:2      | Gained mutation: You regenerate a little health from kills. [demonic ancestry]
  1069 | D:2      | Reached XP level 3. HP: 25/29 MP: 3/5
  1149 | D:2      | Found a basalt altar of Yredelemnul.
  1239 | D:2      | Found a shimmering altar of Xom.
  1242 | D:2      | Found a shimmering altar of Xom.
  1473 | D:2      | Found a radiant altar of Vehumet.
  1479 | D:2      | Found a sacrificial altar of Ru.
  1482 | D:2      | Reached ** piety under Lugonu
  1643 | D:2      | Slain by an adder

Action                   || total
-------------------------++-------
Melee: Hand axe          ||   130
Invok: Depart the Abyss  ||     1
  Use: Potion            ||     1
  Eat: Fruit             ||     1
       Chunk             ||     1
